 Dungeon Crawl Stone Soup version 0.23.1 (webtiles) character file.

Game seed: 290655803692152354

387 Karubo the Shield-Bearer (level 6, -2/52 HPs)
             Began as a Minotaur Fighter on Mar 6, 2019.
             Was a Follower of Nemelex Xobeh.
             Slain by a gnoll
             ... wielding a +0 halberd
              (7 damage)
             ... on level 4 of the Dungeon.
             The game lasted 00:17:10 (2514 turns).

Karubo the Shield-Bearer (Minotaur Fighter)         Turns: 2514, Time: 00:17:11

Health: -2/52      AC:  7    Str: 21    XL:     6   Next: 49%
Magic:  5/5        EV:  8    Int:  5    God:    Nemelex Xobeh [*.....]
Gold:   179        SH: 10    Dex: 11    Spells: 5/5 levels left

rFire    . . .     SeeInvis +   m - +0 war axe (elec)
rCold    . . .     Gourm    .   c - +0 shield
rNeg     . . .     Faith    .   H - +0 scale mail
rPois    .         Spirit   .   (helmet restricted)
rElec    .         Reflect  .   (no cloak)
rCorr    .         Harm     .   (no gloves)
MR       .....                  (no boots)
Stlth    ..........             u - amulet of inaccuracy (curse)
HPRegen  0.17/turn              K - ring of see invisible
MPRegen  0.09/turn              (no ring)

@: no status effects
A: retaliatory headbutt, horns 2
a: Draw Escape, Draw Destruction, Draw Summoning, Renounce Religion


You were on level 4 of the Dungeon.
You worshipped Nemelex Xobeh.
Nemelex Xobeh was aware of your devotion.
You were not hungry.

You visited 1 branch of the dungeon, and saw 4 of its levels.

You collected 179 gold pieces.

Inventory:

Hand Weapons
 a - a +0 war axe
 f - a +2 flail of draining
 i - a +0 hunting sling
 m - a +0 war axe of electrocution (weapon)
 n - a +0 dagger
 o - a +0 short sword
 r - a +0 dagger
 x - a +0 long sword
 B - a +0 mace
 F - a +0 hunting sling
Missiles
 l - 100 stones (quivered)
 w - 18 poisoned needles
 D - 16 sling bullets
Armour
 b - a +0 scale mail
 c - a +0 shield (worn)
 p - a +0 robe
 q - a +0 scale mail
 A - a +0 ring mail
 C - a +0 leather armour
 H - a +0 scale mail (worn)
Jewellery
 u - a cursed amulet of inaccuracy (around neck)
 K - a ring of see invisible (left hand)
 L - a +2 ring of intelligence {unknown}
Scrolls
 e - a scroll of noise
 h - a scroll of amnesia {unknown}
 j - 3 scrolls of remove curse {unknown}
 s - a scroll of blinking {unknown}
 t - 5 scrolls of identify {unknown}
 y - a scroll of fog {unknown}
 G - a scroll of teleportation {unknown}
 J - a scroll of enchant armour {unknown}
Potions
 d - 3 potions of might
 g - 2 potions of resistance {unknown}
 k - a potion of degeneration {unknown}
 v - 3 potions of curing {unknown}
 z - a potion of agility {unknown}
 E - 2 potions of invisibility {unknown}
 I - a potion of haste {unknown}
Comestibles
 M - a ration


   Skills:
 + Level 4.2 Fighting
 + Level 5.4 Axes
 + Level 5.1 Armour
 + Level 1.6 Dodging
 + Level 0.1 Stealth
 + Level 5.5 Shields


You had 5 spell levels left.
You didn't know any spells.
Your spell library was empty.

Dungeon Overview and Level Annotations

Branches:
Dungeon (4/15)
 Temple: D:4-7

Altars:
Nemelex Xobeh
The Shining One


Innate Abilities, Weirdness & Mutations

You reflexively headbutt those who attack you in melee.
You have a pair of horns on your head.


Message History

You kill the gnoll!
The gnoll hits you from afar with a +0 halberd.
The gnoll barely misses you. You furiously retaliate!
You headbutt the gnoll.
Things that are here:
a +0 whip; a gnoll corpse The gnoll hits you with a +0 halberd!
You closely miss the gnoll. You headbutt the gnoll.
The gnoll is heavily wounded.
You block the gnoll's attack.
You miss the gnoll.
The gnoll is heavily wounded.
You closely miss the ogre.
The ogre hits you with a +0 giant spiked club!
* * * LOW HITPOINT WARNING * * *
You block the gnoll's attack.
Your shield and scale mail prevent you from hitting the gnoll.
The gnoll is heavily wounded.
You hit the ogre. The gnoll hits you with a +0 halberd!
You die...
Your body disappears without a glow.

.......#.........#
..######.........#
##...#.........#
#....'.........#
#....#.........#
#....#.........
#....#........
####'#........
#@).#........
#...Og).#........
#.......#........
#.......#........
#.......#
#.####### #. .


You could see an ogre and a gnoll.

Vanquished Creatures
  An orc warrior (D:2)
  2 orc priests
  An orc wizard (D:3)
  Terence (D:2)
  3 gnolls (D:4)
  6 adders
  A worm (D:2)
  4 dart slugs
  A leopard gecko (D:1)
  6 orcs
  9 bats
  3 giant cockroaches (D:1)
  6 goblins
  6 hobgoblins
  4 jackals (D:3)
  17 kobolds
  A quokka (D:4)
  2 frilled lizards
  6 rats
80 creatures vanquished.

Notes
Turn   | Place    | Note
-------+----------+-------------------------------------------
     0 | D:1      | Karubo the Minotaur Fighter began the quest for the Orb.
     0 | D:1      | Reached XP level 1. HP: 19/19 MP: 0/0
   122 | D:1      | Reached XP level 2. HP: 23/27 MP: 1/1
   480 | D:1      | Reached XP level 3. HP: 33/33 MP: 2/2
  1037 | D:2      | Found a sparkling altar of Nemelex Xobeh.
  1051 | D:2      | Became a worshipper of Nemelex Xobeh the Trickster
  1068 | D:2      | Received a gift from Nemelex Xobeh
  1069 | D:2      | Noticed Terence
  1078 | D:2      | Killed Terence
  1078 | D:2      | Reached XP level 4. HP: 27/40 MP: 3/3
  1296 | D:2      | Found a glowing golden altar of the Shining One.
  1434 | D:2      | Received a gift from Nemelex Xobeh
  1567 | D:2      | Reached skill level 1 in Dodging
  1631 | D:2      | Noticed an orc warrior
  1635 | D:2      | Reached skill level 5 in Shields
  1635 | D:2      | Reached XP level 5. HP: 46/46 MP: 4/4
  1637 | D:2      | Killed an orc warrior
  1756 | D:3      | Reached * piety under Nemelex Xobeh
  2176 | D:3      | Reached XP level 6. HP: 52/52 MP: 5/5
  2178 | D:3      | Reached skill level 5 in Axes
  2221 | D:3      | Reached skill level 5 in Armour
  2514 | D:4      | Slain by a gnoll

Skill      XL: |  1  2  3  4  5  6 |
---------------+-------------------+-----
Armour         | 4 5 |  5.1
Axes           | 3 4 5 |  5.4
Shields        | 4 5 |  5.5
Dodging        | 1 |  1.6
Fighting       | 4 |  4.2
Stealth        | |  0.1

Action                   |  1- 3 |  4- 6 || total
-------------------------+-------+-------++-------
Melee: War axe           |    79 |    93 ||   172
       Headbutt          |    10 |    13 ||    23
  Use: Scroll            |     1 |       ||     1
       Potion            |     1 |       ||     1
  Eat: Ration            |     1 |     1 ||     2
Armor: Scale mail        |    63 |    43 ||   106
Dodge: Dodged            |    41 |    33 ||    74
Block: Shield            |    84 |    57 ||   141
